 Dungeon Crawl Stone Soup version 0.20.1-1-g8b1a95d (webtiles) character file.

4 tidbits the Insei (level 1, 0/16 HPs)
             Began as a Demigod Transmuter on Aug 19, 2017.
             Slain by an adder (3 damage)
             ... on level 2 of the Dungeon.
             The game lasted 00:01:22 (183 turns).

tidbits the Insei (Demigod Transmuter)               Turns: 183, Time: 00:01:23

Health: 0/16       AC:  2    Str: 13    XL:     1   Next: 40%
Magic:  4/5        EV: 12    Int: 17    God:
Gold:   21         SH:  0    Dex: 16    Spells: 2/3 levels left

rFire    . . .     SeeInvis .     - Unarmed
rCold    . . .     Gourm    .   (no shield)
rNeg     . . .     Faith    .   b - +0 robe
rPois    .         Spirit   .   (no helmet)
rElec    .         Reflect  .   (no cloak)
rCorr    .         Harm     .   (no gloves)
MR       .....                  (boots currently unavailable)
Stlth    +.........             (no amulet)
Regen    0.1/turn               (no ring)
MPRegen  0.1/turn               (no ring)

@: lethally poisoned (0 -> -7), appendage
A: talons 3, high mp 1
a: End Transformation


You were on level 2 of the Dungeon.
You were not hungry.
You had grown temporary talons.
You visited 1 branch of the dungeon, and saw 2 of its levels.

You collected 21 gold pieces.

Inventory:

Missiles
 a - 12 arrows
 e - 10 tomahawks (quivered)
Armour
 b - a +0 robe (worn)
Scrolls
 g - a scroll of blinking {unknown}
 h - a scroll of amnesia {unknown}
 i - a scroll of remove curse {unknown}
Books
 c - a book of Changes

   Spells                             Type                      Level
   a - Beastly Appendage              Transmutation                1
   b - Sticks to Snakes               Transmutation                2
   c - Spider Form                    Transmutation/Poison         3
   d - Ice Form                       Ice/Transmutation            4
   e - Blade Hands                    Transmutation                5
Comestibles
 d - 2 bread rations
 f - a chunk of flesh


   Skills:
 - Level 1.0 Fighting
 - Level 1.9 Dodging
 + Level 2.8 Unarmed Combat
 - Level 1.7 Spellcasting
 - Level 1.7 Transmutations


You had 2 spell levels left.
You knew the following spells:

 Your Spells              Type           Power        Failure   Level  Hunger
e - Beastly Appendage     Tmut           #.....       10%         1    #......


Dungeon Overview and Level Annotations

Branches:
Dungeon (2/15)


Innate Abilities, Weirdness & Mutations

You have an increased reservoir of magic. (+10% MP)
You have claws for feet.


Message History

Confirm with . or Enter, or press ? or * to list all spells.
Your feet morph into talons.
You hit the kobold.
You kill the kobold!
You see here a kobold corpse.
You open the door.
Your transformation is almost over.
Found 7 gold pieces.
There is an open door here.
You now have 7 gold pieces.
Your talons disappear.
Found 4 gold pieces.
You now have 11 gold pieces (gained 4).
A rat comes into view.
Found a stone staircase leading down.
The rat twitches its whiskers.
Casting: Beastly Appendage
Confirm with . or Enter, or press ? or * to list all spells.
You grow a pair of large bovine horns.
You hit the rat.
You kill the rat!
Your Fighting skill increases to level 1!
You see here a rat corpse.
You butcher the rat corpse.
f - a chunk of flesh You see here a rat skeleton.
Your transformation is almost over.
Found 7 tomahawks.
There is a stone staircase leading down here.
You see here 7 tomahawks.
e - 7 tomahawks Your horns disappear.
There is a stone staircase leading down here.
You climb downwards.
There is a stone staircase leading up here.
Found a bread ration and 19 stones.
d - 2 bread rations (gained 1)
Found a scroll labeled MIMEENEKHUL.
A bat and a hobgoblin come into view.
The bat hits you but does no damage. The bat misses you.
Casting: Beastly Appendage
Confirm with . or Enter, or press ? or * to list all spells.
Your feet morph into talons.
The bat completely misses you. The bat hits you.
You hit the bat.
You kill the bat!
Unknown command.
You closely miss the hobgoblin. You claw the hobgoblin.
The hobgoblin is severely wounded.
The hobgoblin hits you with a club.
You barely miss the hobgoblin. You claw the hobgoblin.
The hobgoblin is almost dead.
The hobgoblin hits you with a club.
You hit the hobgoblin.
You kill the hobgoblin!
Things that are here:
a club; a hobgoblin corpse Your transformation is almost over.
Found 10 gold pieces and a scroll labeled LOTRUAS CITH.
g - a scroll labeled MIMEENEKHUL
Found 3 tomahawks.
Your talons disappear.
h - a scroll labeled LOTRUAS CITH You now have 21 gold pieces (gained 10).
Found a stone staircase leading up.
e - 10 tomahawks (gained 3)
Found a scroll labeled USELERHITHRI.
There is a stone staircase leading up here.
i - a scroll labeled USELERHITHRI
There is a stone staircase leading up here.
You open the door. As you open the door, it creaks loudly!
An adder comes into view.
Casting: Beastly Appendage
Confirm with . or Enter, or press ? or * to list all spells.
Your feet morph into talons.
You aren't carrying any potions.
Unknown command.
You miss the adder. The adder bites you.
You are poisoned.
The adder poisons you!
You hit the adder. Your kick misses the adder.
The adder is lightly wounded.
You feel sick. The adder bites you but does no damage. The adder bites you.
* * * LOW HITPOINT WARNING * * *
You miss the adder. You claw the adder.
The adder is heavily wounded.
The adder barely misses you.
You closely miss the adder.
The adder is heavily wounded.
You feel sick. The adder misses you.
You hit the adder but do no damage.
The adder is heavily wounded.
The adder bites you.
* * * LOW HITPOINT WARNING * * *
The adder closely misses you.
You hit the adder.
The adder is almost dead.
The adder bites you.
You die...

#..........................
#.####.....................
#............###......
#...........)#<.......
###.......####.###......
..............#..........
########.......####......
###.............# #.(....
#.....###@......# #......
#.....'.S#'###+## #######
#.....##.#.# # ..... #<.#.#
# #### #..#.# # #..#.# #
#..#.# #..#.# ####


You could see an adder.

Vanquished Creatures
  A hobgoblin (D:2)
  A kobold (D:1)
  A bat (D:2)
  A rat (D:1)
4 creatures vanquished.

Notes
Turn   | Place    | Note
-------+----------+-------------------------------------------
     0 | D:1      | tidbits the Demigod Transmuter began the quest for the Orb.
     0 | D:1      | Reached XP level 1. HP: 15/15 MP: 5/5
    84 | D:1      | Reached skill level 1 in Fighting
   183 | D:2      | Slain by an adder

Skill      XL: |  1 |
---------------+----+-----
Fighting       | 1 |  1.0
Dodging        | |  1.9
Unarmed Combat | |  2.8
Spellcasting   | |  1.7
Transmutations | |  1.7

Action                   || total
-------------------------++-------
Melee: Unarmed           ||    12
       Kick              ||     3
 Cast: Beastly Appendage ||     4
Armor: Robe              ||     2
Dodge: Dodged            ||     5

Table legend:
 A = Turns spent in this place as a percentage of turns spent in the entire game.
 B = Non-inter-level travel turns spent in this place as a percentage of non-inter-level travel turns spent in the entire game.
 C = Inter-level travel turns spent in this place as a percentage of turns spent in this place.
 D = Turns resting spent in this place as a percentage of non-inter-level travel turns spent in this place.
 E = Turns spent auto-exploring this place as a percentage of non-inter-level travel turns spent in this place.
 F = Non-inter-level travel turns spent in this place divided by the number of levels of this place that you've seen.
                   A       B       C       D       E      F
               +-------+-------+-------+-------+-------+----------------------
         Total | 100.0 | 100.0 |   0.0 |   0.0 |   0.0 |  88.5
       Dungeon | 100.0 | 100.0 |   0.0 |   0.0 |   0.0 |  88.5
               +-------+-------+-------+-------+-------+----------------------

Table legend:
 A = Kills in this place as a percentage of kills in entire the game.
 B = Kills by you in this place as a percentage of kills by you in the entire game.
 C = Kills by friends in this place as a percentage of kills by friends in the entire game.
 D = Other kills in this place as a percentage of other kills in the entire game.
 E = Experience gained in this place as a percentage of experience gained in the entire game.
 F = Experience gained in this place divided by the number of levels of this place that you have seen.
                   A       B       C       D       E      F
               +-------+-------+-------+-------+-------+----------------------
         Total | 100.0 | 100.0 |  -nan |  -nan | 100.0 |   3.0
       Dungeon | 100.0 | 100.0 |  -nan |  -nan | 100.0 |   3.0
               +-------+-------+-------+-------+-------+----------------------

Vault maps used:
D:1:      erik_arrival_triangle_medium
D:2:      yredelemnul_forgotten_temple_becter, first_bread
